 Dungeon Crawl Stone Soup version 0.20.0-15-g7f486f2 (webtiles) character file.

30 Merkmirnix the Sneak (level 3, -2/27 HPs)
             Began as a Vampire Assassin on June 30, 2017.
             Slain by Crazy Yiuf
             ... wielding a +4 quarterstaff of chaos
              (4 damage)
             ... on level 2 of the Dungeon.
             The game lasted 00:11:40 (1529 turns).

Merkmirnix the Sneak (Vampire Assassin)             Turns: 1529, Time: 00:11:41

Health: -2/27      AC: 12    Str: 11    XL:     3   Next: 3%
Magic:  3/3        EV: -2    Int: 18    God:
Gold:   65         SH:  0    Dex: 15    Spells: 2/2 levels left

rFire    . . .     SeeInvis +   E - +0 mace
rCold    + . .     Gourm    .   (no shield)
rNeg     + + .     Faith    .   y - +0 plate armour
rPois    +         Spirit   .   (no helmet)
rElec    .         Reflect  .   d - +0 cloak
rCorr    .         Harm     .   o - +0 pair of gloves
MR       .....                  (no boots)
Stlth    ..........             (no amulet)
Regen    0.1/turn               n - +5 ring of intelligence
MPRegen  0.1/turn               w - -5 ring of evasion (curse)

@: regenerating slowly, slowed, very slow
A: fangs 3, see invisible, unbreathing
a: Bat Form


You were on level 2 of the Dungeon.
You were thirsty.

You visited 1 branch of the dungeon, and saw 2 of its levels.

You collected 65 gold pieces.

Inventory:

Hand Weapons
 a - a +2 dagger
 b - a +0 blowgun
 h - a +0 hand axe
 C - a +0 short sword
 E - a +0 mace (weapon)
Missiles
 e - 8 poisoned needles
 f - 6 curare-tipped needles
 i - 50 stones (quivered)
 u - 6 javelins
 B - 12 bolts
Armour
 c - a +0 robe
 d - a +0 cloak (worn)
 o - a +0 pair of gloves (worn)
 t - a +0 robe
 y - a +0 plate armour (worn)
Jewellery
 n - a +5 ring of intelligence (left hand)
 w - a cursed -5 ring of evasion (right hand)
Scrolls
 j - a scroll of immolation {unknown}
 q - a scroll of enchant weapon {unknown}
 s - a scroll of fog {unknown}
 A - a scroll of identify {unknown}
 D - a scroll of teleportation {unknown}
Potions
 k - a potion of curing {unknown}
 m - a potion of berserk rage {unknown}
 r - a potion of flight {unknown}
 v - a potion of magic {unknown}
 x - 2 potions of agility {unknown}
 z - a potion of ambrosia {unknown}
Comestibles
 l - a bread ration
 p - a meat ration


   Skills:
 + Level 2.0 Fighting
 + Level 2.6 Short Blades
 + Level 0.6 Axes
 + Level 1.6 Throwing
 + Level 1.3 Dodging
 + Level 6.4 Stealth


You had 2 spell levels left.
You didn't know any spells.

Dungeon Overview and Level Annotations

Branches:
Dungeon (2/15)

Altars:
Yredelemnul

Annotations:
D:2 Crazy Yiuf


Innate Abilities, Weirdness & Mutations

You heal slowly.
You have razor-sharp teeth.
You have supernaturally acute eyesight. (SInv)
You can survive without breathing.


Message History

Crazy Yiuf laughs, "Hah alas cloud!"
Crazy Yiuf completely misses you.
Crazy Yiuf laughs, "Iron wrapper broken!"
Crazy Yiuf laughs, "Candle horse mumblescurry!"
Crazy Yiuf hits you with a quarterstaff of chaos.
* * * LOW HITPOINT WARNING * * *
You feel yourself slow down.
Crazy Yiuf screams, "Prologue arm hog!"
Crazy Yiuf hits you with a quarterstaff of chaos.
* * * LOW HITPOINT WARNING * * *
Crazy Yiuf burns you.
* * * LOW HITPOINT WARNING * * *
Yummy - fresh blood!
You are feeling thirsty.
Crazy Yiuf hits you but does no damage. Crazy Yiuf hits you but does no damage.
You feel as though you will be slow longer.
You fail to use your ability.
Crazy Yiuf hits you with a quarterstaff of chaos.
You die...

#.....## ♣♣.♣
##.._...#
♣.♣♣
##.......#
♣♣.♣
#.##........#
♣.♣♣
......#.....#
♣♣.♣♣
######.####.#
♣...♣♣ ###
#.# ♣....♣
#.# #....#
#.###.@..#
#......g.#
#####...##
#####


You could see Crazy Yiuf.

Vanquished Creatures
  An ooze (D:2)
  A dart slug (D:1)
  A leopard gecko (D:2)
  3 bats (D:1)
  A giant cockroach (D:1)
  2 goblins
  4 hobgoblins (D:2)
  2 kobolds
  2 quokkas (D:2)
  A frilled lizard (D:1)
  3 rats
  4 withered plants (D:2)
25 creatures vanquished.

Notes
Turn   | Place    | Note
-------+----------+-------------------------------------------
     0 | D:1      | Merkmirnix the Vampire Assassin began the quest for the Orb.
     0 | D:1      | Reached XP level 1. HP: 16/16 MP: 1/1
   124 | D:1      | Reached skill level 6 in Stealth
   235 | D:1      | Reached XP level 2. HP: 22/22 MP: 2/2
  1279 | D:2      | Reached XP level 3. HP: 22/27 MP: 3/3
  1305 | D:2      | Found a basalt altar of Yredelemnul.
  1505 | D:2      | Found a runed door.
  1509 | D:2      | Noticed Crazy Yiuf
  1529 | D:2      | Slain by Crazy Yiuf

Skill      XL: |  1  2 |
---------------+-------+-----
Stealth        | 6 |  6.4
Fighting       | 2 |  2.0
Short Blades   | |  2.6
Axes           | |  0.6
Throwing       | |  1.6
Dodging        | |  1.3

Action                   || total
-------------------------++-------
Melee: Hand axe          ||    25
       Bite              ||    28
       Dagger            ||    38
       Short sword       ||    17
       Mace              ||   159
  Use: Potion            ||     1
 Stab: Sleeping          ||     3
Armor: Robe              ||    18
       Plate armour      ||    29
Dodge: Dodged            ||    30
